 Dungeon Crawl Stone Soup version 0.25.1-2-g60ff931df9 (webtiles) character file.

Game seed: 15762901323310523625

175 funkygono the Shooter (level 5, -1/45 HPs)
             Began as a Hill Orc Hunter on Sept 28, 2020.
             Slain by an ooze (3 damage)
             ... on level 3 of the Dungeon.
             The game lasted 00:06:49 (3392 turns).

funkygono the Shooter (Hill Orc Hunter)             Turns: 3392, Time: 00:06:50

Health: -1/45      AC: -1    Str: 16    XL:     5   Next: 55%
Magic:  5/5        EV: 11    Int: 11    God:
Gold:   108        SH:  0    Dex: 11    Spells: 4/4 levels left

rFire    . . .     SeeInvis +   a - +0 short sword
rCold    . . .     Gourm    .   (no shield)
rNeg     . . .     Faith    .   g - +0 ring mail (curse)
rPois    .         Spirit   .   o - +0 helmet
rElec    .         Reflect  .   (no cloak)
rCorr    .         Harm     .   (no gloves)
MR       .....                  (no boots)
Stlth    +.........             (no amulet)
HPRegen  0.15/turn              q - ring of see invisible (curse)
MPRegen  0.09/turn              (no ring)

@: corroded
A: claws 1, blurry vision 1
a: no special abilities


You were on level 3 of the Dungeon.
You were very hungry.

You visited 1 branch of the dungeon, and saw 3 of its levels.

You collected 108 gold pieces.

Inventory:

Hand Weapons
 a - a +0 short sword (weapon)
 b - a +1 shortbow
Missiles
 d - 18 arrows
Armour
 c - a +0 leather armour
 g - a cursed +0 ring mail (worn)
 o - a +0 helmet (worn)
Jewellery
 q - a cursed ring of see invisible (left claw)
Wands
 i - a wand of acid (8)
Scrolls
 k - a scroll of magic mapping {unknown}
 l - a scroll of teleportation
 m - 5 scrolls of identify
 p - a scroll of amnesia {unknown}
Potions
 e - 2 potions of magic
 h - a potion of flight
 j - 2 potions of lignification
 n - 2 potions of curing {unknown}
Comestibles
 f - 5 rations


   Skills:
 + Level 3.4 Fighting
 + Level 1.1 Short Blades
 + Level 5.2 Bows
 + Level 1.7 Armour
 + Level 1.7 Dodging
 - Level 0.7 Stealth


You had 4 spell levels left.
You didn't know any spells.
Your spell library contained the following spells:

 Spells                   Type           Power        Failure   Level  Hunger
 Magic Dart               Conj           #...         54%         1    ##.....
 Blink                    Tloc           N/A          69%         2    ###....
 Call Imp                 Summ           #.......     69%         2    ###....
 Slow                     Hex            #.......     69%         2    ###....
 Conjure Flame            Conj/Fire      #.......     89%         3    ####...
 Mephitic Cloud           Conj/Pois/Air  #.......     89%         3    ####...


Dungeon Overview and Level Annotations

Branches:
Dungeon (3/15)

Altars:
Elyvilon
The Shining One


Innate Abilities, Weirdness & Mutations

You have sharp fingernails.
Scrolls take you a little longer to read.


Message History

You hit the jelly.
Your claws burn!
The jelly is almost dead.
The jelly hits you. The acid corrodes you!
You are splashed with acid!
You hit the jelly but do no damage.
Your claws burn!
The jelly is almost dead.
The jelly hits you.
You are splashed with acid!
You hit the jelly. The acid corrodes you!
Your claws burn!
* * * LOW HITPOINT WARNING * * *
The jelly is almost dead.
The jelly barely misses you.
You hit the jelly.
You kill the jelly!
You hit the ooze but do no damage. The ooze hits you.
* * * LOW HITPOINT WARNING * * *
You hit the ooze but do no damage. The ooze hits you.
* * * LOW HITPOINT WARNING * * *
You hit the ooze but do no damage. The ooze hits you.
* * * LOW HITPOINT WARNING * * *
You hit the ooze but do no damage. The ooze hits you.
You die...

.......######## ##.##
.......######## #..#
.......##÷....÷############(##
.......##.PJ..P'##......###))#
).....###......#.#.......##).#
#.....# #.÷PPJP#J#..[.....'(.#
#....## #..J.J.#J#........'((#
.....# #.÷J.P÷#J#'#..))..'.##
#....# #......#@#.#.....##.#
...[#####P.JPJ.#.#.#....#####
[......##(.....##(#######
.......# ###
.......###########
.......#.........#####
÷#.#...#.............#
.#...................#####
.#........................


You could see 2 jellies and an ooze.

Vanquished Creatures
  A jelly (D:3)
  7 adders
  2 oozes (D:3)
  A worm (D:2)
  5 leopard geckos
  An orc (D:3)
  9 bats
  A giant cockroach (D:2)
  6 goblins
  8 hobgoblins
  2 jackals (D:2)
  17 kobolds
  A quokka (D:2)
  4 frilled lizards
  9 rats
74 creatures vanquished.

Vanquished Creatures (others)
  A fungus (D:3)
  6 toadstools (D:3)
7 creatures vanquished.

Grand Total: 81 creatures vanquished

Notes
Turn   | Place    | Note
-------+----------+-------------------------------------------
     0 | D:1      | funkygono the Hill Orc Hunter began the quest for the Orb.
     0 | D:1      | Reached XP level 1. HP: 18/18 MP: 1/1
   115 | D:1      | Reached skill level 4 in Bows
   115 | D:1      | Reached XP level 2. HP: 25/25 MP: 2/2
   521 | D:1      | Reached XP level 3. HP: 22/30 MP: 3/3
  1281 | D:2      | Reached XP level 4. HP: 15/37 MP: 4/4
  1821 | D:2      | Reached skill level 1 in Armour
  1949 | D:2      | Found a white marble altar of Elyvilon.
  2462 | D:3      | Gained mutation: Scrolls take you a little longer to read.
                  | [potion of mutation]
  2462 | D:3      | Gained mutation: You have sharp fingernails. [potion of
                  | mutation]
  2732 | D:3      | Reached skill level 5 in Bows
  2732 | D:3      | Reached XP level 5. HP: 37/45 MP: 5/5
  2845 | D:3      | Found a glowing golden altar of the Shining One.
  2875 | D:3      | Reached skill level 1 in Short Blades
  3391 | D:3      | HP: 2/45 [ooze (5)]
  3392 | D:3      | Slain by an ooze

Illustrated notes

Levels and vault maps discovered:
D:1:      lightli_arrival_chessboard, layout_basic
D:2:      layout_loops_ring, nicolae_overflow_hidden_temple, minmay_pentomino_x4
D:3:      cheibrodos_fertilizer, layout_basic, lemuel_crystal_altar,
          first_ration, minmay_vboxes

Skill      XL: |  1  2  3  4  5 |
---------------+----------------+-----
Bows           | 4 5 |  5.2
Fighting       | 3 |  3.4
Armour         | 1 |  1.7
Short Blades   | 1 |  1.1
Dodging        | |  1.7
Stealth        | |  0.7

Action                   |  1- 3 |  4- 6 || total
-------------------------+-------+-------++-------
Melee: Short sword       |    42 |   105 ||   147
 Fire: Shortbow          |    70 |    69 ||   139
  Use: Scroll            |     2 |     5 ||     7
       Potion            |       |     3 ||     3
  Eat: Chunk             |     1 |     2 ||     3
       Ration            |       |     1 ||     1
Armor: Leather armour    |    14 |       ||    14
       Ring mail         |       |    58 ||    58
Dodge: Dodged            |    35 |    72 ||   107
